[Event "*** SCC Grand Prix: Titled Tuesday Blitz"]
[Site "Chess.com"]
[Date "2020.07.07"]
[Round "7"]
[White "Chessmasterzt"]
[Black "Forantes"]
[Result "0-1"]
[WhiteElo "2598"]
[BlackElo "2375"]
[TimeControl "180+1"]
[EndTime "11:20:17 PDT"]
[Termination "Forantes won on time"]

1. d4 Nf6 2. Nf3 g6 3. c4 Bg7 4. Nc3 d5 5. cxd5 Nxd5 6. Qb3 Nxc3 7. bxc3 O-O 8. e3 c5 9. Be2 Nc6 10. O-O Qc7 11. Ba3 Be6 12. Qb5 cxd4 13. cxd4 Rfd8 14. Rfc1 Bd5 15. Rab1 Rac8 16. Bc4 Nxd4 17. exd4 Bxc4 18. Qg5 e6 19. Be7 Rd5 20. Qh4 b5 21. Bc5 a6 22. Re1 Qd8 23. Qe4 Rcxc5 24. dxc5 Bd3 25. Qb4 Bxb1 26. Rxb1 Rd1+ 27. Ne1 Bf8 28. Kf1 Rxb1 29. Qxb1 Bxc5 30. Nd3 Bb6 31. Qc2 Qc7 32. Qd2 Ba5 33.
Qd1 Qc4 34. g3 Qxa2 35. Kg2 Qd5+ 36. Kf1 Qh1+ 37. Ke2 Qxd1+ 38. Kxd1 Bb6 39. f4 a5 40. Kc2 Bd4 41. h3 b4 42. Nc1 a4 43. Ne2 Bc5 44. Kd3 Kf8 45. Kc4 Bd6 46. Nd4 Ke7 47.
Nc6+ Kd7 48. Nd4 b3 49. Nf3 f5 0-1

[Event "*** SCC Grand Prix: Titled Tuesday Blitz"]
[Site "Chess.com"]
[Date "2020.07.07"]
[Round "7"]
[White "GelmanAlexander"]
[Black "Usurpov"]
[Result "1-0"]
[WhiteElo "2543"]
[BlackElo "2399"]
[TimeControl "180+1"]
[EndTime "11:20:17 PDT"]
[Termination "GelmanAlexander won on time"]

1. c4 Nf6 2. Nf3 g6 3. e3 Bg7 4. Be2 O-O 5. O-O d5 6. cxd5 Nxd5 7. a3 c5 8. d3 Nc6 9. Nbd2 b6 10. Qc2 Bb7 11.
Ne4 Rc8 12. Bd2 Qd7 13. Rac1 Rfd8 14. Qb1 a5 15. Rfd1 h6 16. h3 e6 17. Qc2 Qe7 18.
Qb3 Ra8 19. Qc2 Rac8 20. Be1 Kh7 21. Ned2 e5 22. Ne4 Ba8 23. Bd2 Kg8 24. Re1 Qb7 25.
Bf1 Qe7 26. Ng3 Kh7 27. h4 h5 28. Ne4 Kg8 29. Be2 Rd7 30. Qb3 Rdd8 31. Nfg5 Kh8 32. Red1 f6 33. Nf3 Kh7 34. Re1 Qb7 35. Bf1 Qe7 36. Red1 Qd7 37. Be1 Qg4 38. Be2 Qd7 39.
Qc2 Bb7 40. Ned2 Qe7 41. Nc4 Ba8 42. e4 Nf4 43. Nxb6 Rb8 44. Nc4 Bh6 45. Bf1 Bb7 46. Rb1 Bc8 47. Bd2 Bg4 48. Bxf4 Bxf4 49. Rdc1 Bxf3 50.
gxf3 Nd4 51. Qd1 Bxc1 52. Rxc1 a4 53. Bg2 Rb3 54. Rc3 Rdb8 55. Kf1 Qb7 56. Rc1 Rxb2 57.
Nxb2 Qxb2 58. Rxc5 Qxa3 59. Rc7+ Kg8 60. Kg1 Qb2 61. f4 a3 62. Qa4 1-0

[Event "*** SCC Grand Prix: Titled Tuesday Blitz"]
[Site "Chess.com"]
[Date "2020.07.07"]
[Round "7"]
[White "FMalexhdez"]
[Black "Konek-Gorbunok"]
[Result "0-1"]
[WhiteElo "2123"]
[BlackElo "2277"]
[TimeControl "180+1"]
[EndTime "11:20:18 PDT"]
[Termination "Konek-Gorbunok won by resignation"]

1. e4 c5 2. Nf3 a6 3. d4 cxd4 4.
Nxd4 Nf6 5. Nc3 e5 6. Nde2 Bc5 7. h3 Qb6 8. Be3 Bxe3 9. fxe3 Qxe3 10. Qd3 Qxd3 11.
cxd3 Nc6 12. O-O-O d6 13. g4 h6 14. Bg2 Be6 15. d4 exd4 16. Nxd4 Nxd4 17. Rxd4 Ke7 18. Rhd1 Rhd8 19. Nd5+ Bxd5 20. exd5 Kf8 21. Kd2 Rac8 22. h4 Re8 23. g5 hxg5 24. hxg5 Nd7 25. Bh3 Rc7 26. Bxd7 Rxd7 27. Rh1 Re5 28. Rh8+ Ke7 29. g6 f5 30. Kd3 Kf6 31. Rdh4 Rxd5+ 32. Kc4 Rc5+ 33. Kd4 Kxg6 34. Rh1 Kf6 35. Rg1 Re7 36. Rf8+ Rf7 37. Rd8 Rc6 38. b4 g5 39. a4 f4 40.
b5 axb5 41. axb5 Rb6 42. Kc4 Rg7 43. Rf8+ Ke7 44. Rxf4 d5+ 45. Kc5 Rd6 46. Rf5 b6+ 47. Kd4 g4 48. Rxd5 Rxd5+ 49. Kxd5 Rg6 50. Rg3 Kf6 51. Ke4 Ke6 52. Kf4 Kd5 53. Rb3 Kc4 54. Rb1 g3 55. Kf3 g2 56. Kf2 g1=Q+ 57. Rxg1 Rxg1 58.
Kxg1 Kxb5 59. Kf1 Kc4 60. Ke1 Kc3 61. Kd1 Kb2 0-1

[Event "*** SCC Grand Prix: Titled Tuesday Blitz"]
[Site "Chess.com"]
[Date "2020.07.07"]
[Round "7"]
[White "GadimbayliA"]
[Black "VitaliyBernadskiy"]
[Result "1-0"]
[WhiteElo "2904"]
[BlackElo "2761"]
[TimeControl "180+1"]
[EndTime "11:20:19 PDT"]
[Termination "GadimbayliA won by resignation"]

1. e4 c5 2. Nf3 a6 3. c4 e6 4. Nc3 d6 5. d4 cxd4 6. Nxd4 Nf6 7. Be2 b6 8. O-O Bb7 9. f3 Nbd7 10. Be3 Be7 11.
Qd2 h6 12. Rfc1 g5 13. b4 Ne5 14. c5 dxc5 15. bxc5 bxc5 16. Nb3 Qxd2 17. Nxd2 Bc6 18. Nb3 Nfd7 19. Kf2 O-O 20. Nd1 Rfc8 21. Nxc5 Bxc5 22. Bxc5 Bxe4 23. Bd6 Nd3+ 24. Bxd3 Bxd3 25. Ne3 Bb5 26. Rd1 Nb6 27. Rd2 f5 28. h4 Kf7 29. Rh1 Kg6 30. Be5 gxh4 31. Rxh4 Rd8 32. Rhd4 Rxd4 33. Rxd4 Nd7 34.
Bd6 Rc8 35. Rd2 h5 36. g3 Rc1 37. Nc2 Nf6 38. Ne3 Nd7 39. Rc2 Rxc2+ 40. Nxc2 e5 41. Nb4 Kf6 42. Bc7 Ke6 43. a4 Bc4 44. Ke3 Nc5 45. Nc6 e4 46. fxe4 Nxe4 47. Nd4+ Kf6 48.
Kf4 Be6 49. Bd8+ Kf7 50. Bc7 Nc3 51. Ke5 Bd7 52. a5 Ne4 53. Nxf5 Bxf5 54. Kxf5 Nxg3+ 55. Bxg3 Ke7 56. Ke5 Kd7 57. Kd5 Kc8 58. Kc6 h4 59.
Bh2 h3 60. Bg3 1-0

[Event "*** SCC Grand Prix: Titled Tuesday Blitz"]
[Site "Chess.com"]
[Date "2020.07.07"]
[Round "7"]
[White "TheBigBoss04"]
[Black "EvgenyT"]
[Result "0-1"]
[WhiteElo "2750"]
[BlackElo "2887"]
[TimeControl "180+1"]
[EndTime "11:20:19 PDT"]
[Termination "EvgenyT won by resignation"]

1. Nf3 d5 2. g3 Bg4 3. Bg2 c6 4. O-O Nf6 5. d3 e6 6. c4 dxc4 7. dxc4 Qxd1 8. Rxd1 Nbd7 9. Nc3 Bxf3 10. exf3 Bb4 11. Bd2 O-O-O 12. a3 Be7 13. f4 Nb6 14. b3 Rd3 15. Bf1 Rd7 16. Be3 Rxd1 17. Rxd1 Ng4 18. Bd4 Bf6 19. Be2 Bxd4 20. Rxd4 Nf6 21.
Kg2 Kc7 22. Kf3 Nbd7 23. Rd1 a5 24. g4 Ra8 25. Ke3 Nc5 26. Rb1 Ne8 27. h4 Nd6 28. Bd3 h5 29. g5 Nxd3 30. Kxd3 Nf5 31. Ne2 Rd8+ 32. Kc3 g6 33. Rh1 b5 34. cxb5 cxb5 35. Ng3 Rd5 36. Ne4 b4+ 37. axb4 axb4+ 38. Kb2 Rd4 39.
Re1 Kb6 40. Kc2 Ne7 41. Nd2 Rxf4 42. Nc4+ Kc5 43. Re5+ Nd5 44. Re2 Rxh4 45. Ne5 Nf4 46. Rd2 Rh1 47. Nxf7 h4 48. Ne5 h3 49. Nd7+ Kb5 50.
Ne5 h2 51. Nf3 Rc1+ 52. Kxc1 h1=Q+ 53. Ne1 Qxe1+ 54. Kc2 Qe4+ 55. Kb2 Nd5 56. Kc1 Qf4 0-1

[Event "*** SCC Grand Prix: Titled Tuesday Blitz"]
[Site "Chess.com"]
[Date "2020.07.07"]
[Round "7"]
[White "Kezin_Roman"]
[Black "IwkooO"]
[Result "0-1"]
[WhiteElo "2726"]
[BlackElo "2592"]
[TimeControl "180+1"]
[EndTime "11:20:20 PDT"]
[Termination "IwkooO won on time"]

1. Nc3 c5 2. Nf3 Nc6 3. d4 cxd4 4. Nxd4 g6 5. e4 Bg7 6. Be3 Nf6 7. Bc4 O-O 8. Bb3 Re8 9. O-O d6 10. h3 Na5 11.
Qd2 b6 12. Bh6 Bh8 13. Rfe1 Bb7 14. Rad1 Nxb3 15. axb3 a6 16. Nf5 Qc7 17. Qg5 b5 18.
Nd5 Nxd5 19. exd5 Bf6 20. Qg3 Qxc2 21. Ne3 Qxb3 22. Rd2 a5 23. Rde2 Rec8 24. Ng4 Qxg3 25. fxg3 Bxd5 26. Rxe7 Bxe7 27. Rxe7 Be6 28. Nf6+ Kh8 29.
Bf4 Kg7 30. Ne4 Ra6 31. Bxd6 Rxd6 32. Nxd6 Rc1+ 33. Kh2 b4 34. Ra7 Rc2 35. Ne8+ Kf8 36.
Nf6 Rxb2 37. Rxa5 Kg7 38. Ne8+ Kf8 39. Nd6 b3 40. Rb5 Rb1 41. Ne4 Rd1 42. Nc5 Bc4 43. Rb4 Bd5 44. g4 Rd2 45. Kg3 Rxg2+ 46. Kf4 b2 47. Na4 Rf2+ 48. Kg5 Kg7 49. Nxb2 Rf3 50. Kh4 h6 51. g5 hxg5+ 52. Kxg5 Be6 53. Kh4 f6 54. Rb7+ Kh6 0-1

[Event "*** SCC Grand Prix: Titled Tuesday Blitz"]
[Site "Chess.com"]
[Date "2020.07.07"]
[Round "7"]
[White "Vaathi_Coming"]
[Black "GMKrikor"]
[Result "1-0"]
[WhiteElo "2894"]
[BlackElo "2682"]
[TimeControl "180+1"]
[EndTime "11:20:21 PDT"]
[Termination "Vaathi_Coming won by resignation"]

1. Nf3 g6 2. e4 Bg7 3. Nc3 d6 4. d4 Nf6 5. Be2 O-O 6. O-O a6 7. a4 Nc6 8. Re1 e5 9. dxe5 Nxe5 10. Nxe5 dxe5 11. Qxd8 Rxd8 12. Be3 Be6 13. f3 Bf8 14. a5 Bb4 15. Ra4 c5 16. Rc1 Rac8 17. Nb1 Bd7 18. Ra1 c4 19. c3 Bc5 20. Bxc5 Rxc5 21. Rd1 Kf8 22. Kf2 Ke7 23. Ke3 Be6 24. Rxd8 Kxd8 25.
Nd2 Ne8 26. g3 Nd6 27. f4 f6 28. h4 Ke7 29. Ra4 Kd7 30. Ra3 Kc7 31. Ra1 Kd7 32. Bd1 Ke7 33. Bf3 Kd7 34. Nf1 Rb5 35. Ra2 Rc5 36. Kf2 Nc8 37. f5 Bf7 38. Bg4 Kc7 39. fxg6 Bxg6 40. Nd2 Nd6 41. Ke3 Rb5 42. Be6 Rc5 43.
Ra1 f5 44. exf5 Bxf5 45. Bxf5 Nxf5+ 46. Kf3 Nd6 47. Ne4 Rd5 48. Nf6 Rd3+ 49. Kg4 h6 50. Re1 e4 51. Nxe4 Nf7 52. Nc5 Rd5 53. Re7+ Kc6 54. Rxf7 Rxc5 55. Rf6+ Kc7 56. Rxh6 Rxa5 57.
Rf6 Rb5 58. Rf2 1-0

[Event "*** SCC Grand Prix: Titled Tuesday Blitz"]
[Site "Chess.com"]
[Date "2020.07.07"]
[Round "7"]
[White "BeanScreen"]
[Black "theblitzchamp"]
[Result "0-1"]
[WhiteElo "2573"]
[BlackElo "2739"]
[TimeControl "180+1"]
[EndTime "11:20:21 PDT"]
[Termination "theblitzchamp won by resignation"]

1. e4 d6 2. d4 Nf6 3. Nc3 g6 4. Bg5 Bg7 5. Qd2 h6 6. Bh4 g5 7. Bg3 Nh5 8. O-O-O a6 9. Nf3 Nc6 10. d5 Nxg3 11. hxg3 Ne5 12. Nd4 c5 13. dxc6 Nxc6 14.
Nf5 Bxf5 15. exf5 Qa5 16. Bc4 Bxc3 17. bxc3 Ne5 18. Bb3 Rc8 19. f4 Nc4 20. Bxc4 Rxc4 21. fxg5 Qa3+ 22. Kb1 Ra4 23. Qd5 Ra5 24. Qxb7 Rb5+ 25.
Qxb5+ axb5 26. Rxh6 Rg8 27. g6 fxg6 28. fxg6 Qxc3 29. Rdh1 Kd7 30. R1h4 Qxg3 31. Re4 Qxg2 32. Re1 Rxg6 33. Rh7 Rg7 34. Rhh1 Qd5 35. Kb2 Qc4 36.
Re3 Rg2 37. Rc3 Qd4 38. Kb3 b4 39. Rd3 Qc5 40. Rc1 d5 41. Kb2 Qc4 42. Rb3 e5 43.
Kb1 e4 44. Rb2 e3 45. Rb3 e2 46. Rd3 Rf2 47. Kb2 e1=Q 48. Rxd5+ Qxd5 49. Rxe1 Qd4+ 50. Kb1 Qd2 51. Rc1 Re2 52. Kb2 Kc6 53. Kb1 Kb5 54.
Kb2 Ka4 55. Kb1 Ka3 0-1

[Event "*** SCC Grand Prix: Titled Tuesday Blitz"]
[Site "Chess.com"]
[Date "2020.07.07"]
[Round "7"]
[White "ljuks68"]
[Black "Leonid_Starozhilov"]
[Result "1-0"]
[WhiteElo "2444"]
[BlackElo "2620"]
[TimeControl "180+1"]
[EndTime "11:20:21 PDT"]
[Termination "ljuks68 won by resignation"]

1. e4 g6 2. d4 Bg7 3. Nc3 d6 4. f4 Nf6 5. Nf3 O-O 6. Be3 c6 7. Qd2 b5 8. Bd3 b4 9. Ne2 a5 10. h3 Ba6 11. O-O Nbd7 12. f5 Bxd3 13. cxd3 gxf5 14.
exf5 Nd5 15. Bh6 Bf6 16. Ng3 Kh8 17. Bxf8 Qxf8 18. Nh5 a4 19. Rac1 Ra6 20. Rfe1 a3 21.
bxa3 bxa3 22. Rb1 Qa8 23. Qh6 Ra7 24. Rb3 Qg8 25. Reb1 Ra8 26. Rb7 Rd8 27. Re1 Bg7 28. Nxg7 Qxg7 29. Qxg7+ Kxg7 30. Ra7 N7f6 31. Rb1 h5 32.
Rxa3 Rc8 33. Ra7 c5 34. dxc5 Rxc5 35. Rb2 Rc3 36. d4 Rc1+ 37. Kf2 Nf4 38. Ke3 N4d5+ 39. Kd2 Rc4 40. a4 Nf4 41. Rxe7 N6d5 42. Rd7 Rxa4 43. Rxd6 Ra3 44. f6+ Kh7 45. Rb7 Ra2+ 46. Kc1 Ra1+ 47. Kb2 Rf1 48. Rxf7+ Kh6 49. Rg7 Rf2+ 50. Kb3 Nxf6 51.
Rxf6+ Kxg7 52. Rxf4 Re2 53. d5 Re3+ 54. Kc4 Kg6 55. d6 Re2 56. d7 Rc2+ 57. Kd5 Rc1 58. Rd4 Rd1 59. Rxd1 1-0

[Event "*** SCC Grand Prix: Titled Tuesday Blitz"]
[Site "Chess.com"]
[Date "2020.07.07"]
[Round "7"]
[White "blitzking1729"]
[Black "Chessdemon2019"]
[Result "1-0"]
[WhiteElo "2538"]
[BlackElo "2278"]
[TimeControl "180+1"]
[EndTime "11:20:21 PDT"]
[Termination "blitzking1729 won by resignation"]

1. b3 d5 2. Bb2 Bg4 3. Nf3 Bxf3 4.
exf3 e6 5. d4 Nf6 6. Nd2 c5 7.
dxc5 Bxc5 8. Bd3 O-O 9. O-O Qc7 10. Re1 Nc6 11. Rc1 Rad8 12. Qe2 Nh5 13. Bb5 Nf4 14. Qf1 a6 15. Bxc6 Qxc6 16. Be5 Ng6 17. Bb2 Qc7 18.
g3 h5 19. c4 h4 20. Kg2 Bb4 21. Red1 d4 22. Ne4 e5 23. c5 f5 24. Qc4+ Kh7 25. Ng5+ Kh6 26. Ne6 Qe7 27. Nxf8 Rxf8 28. Qxb4 Qg5 29.
Qd2 Nf4+ 30. Kh1 Qh5 31. Rc3 dxc3 32. Qxc3 hxg3 33. fxg3 Ne2 34. Qe3+ Kh7 35. Qxe2 e4 36. Rf1 Re8 37. Qe3 Qh3 38. Qf2 e3 39. Qg2 Qh5 40.
f4 e2 41. Re1 Qg4 42. Be5 Rd8 43. Qxe2 Qh3 44. Qg2 Qh5 45. Bd6 b6 46. b4 bxc5 47.
bxc5 Qg4 48. h3 Qh5 49. Kh2 a5 50. Qe2 Qh6 51. Qe7 Rc8 52. Qh4 Qxh4 53. gxh4 Ra8 54. c6 Ra6 55. Rc1 a4 56. c7 Rxd6 57. c8=Q Rd2+ 58.
Kg3 Rd3+ 59. Kf2 Rxh3 60. Qxf5+ 1-0

[Event "*** SCC Grand Prix: Titled Tuesday Blitz"]
[Site "Chess.com"]
[Date "2020.07.07"]
[Round "7"]
[White "KaspMagAlpha"]
[Black "Lucas_Tomiello"]
[Result "0-1"]
[WhiteElo "2242"]
[BlackElo "2420"]
[TimeControl "180+1"]
[EndTime "11:20:22 PDT"]
[Termination "Lucas_Tomiello won by resignation"]

1. d4 Nf6 2. c4 g6 3. g3 d5 4.
cxd5 Nxd5 5. Bg2 Nc6 6. Nf3 Nb6 7. Nc3 Bg7 8. e3 O-O 9. O-O e5 10. d5 Ne7 11. e4 Bg4 12. Qe2 c6 13. Rd1 cxd5 14.
exd5 Nf5 15. Be3 Nd4 16. Bxd4 exd4 17. Nb5 Nxd5 18. h3 Bd7 19. Nbxd4 Qb6 20. Nb3 Bc6 21. Rac1 a5 22. Rc2 a4 23. Nc5 Ra5 24. Nd3 Nb4 25.
Nxb4 Qxb4 26. a3 Qe4 27. Qxe4 Bxe4 28. Rcd2 Rb5 29. Nd4 Bxd4 30. Rxd4 Bc2 31. R1d2 Rxb2 32. Rb4 Rxb4 33. axb4 Bb3 34. Bxb7 Rb8 35. Bd5 Rxb4 36. Bxb3 axb3 37. Rb2 Kg7 38. Kf1 Kf6 39. Ke2 Ke5 40. Kd3 Kd5 41. Kc3 Kc5 42. Rxb3 Rxb3+ 43. Kxb3 Kd4 44. Kc2 Ke4 45. Kd2 Kf3 46. Ke1 g5 47. Kf1 h5 48. Kg1 f5 49. Kf1 f4 50. gxf4 gxf4 51.
Kg1 Ke2 52. Kg2 h4 53. f3 Ke3 54. Kh2 Kxf3 55. Kh1 Kg3 56. Kg1 Kxh3 57. Kf2 Kg4 58. Kg2 f3+ 59. Kf2 Kf4 60. Kf1 Ke3 61. Ke1 h3 62. Kf1 h2 0-1

[Event "*** SCC Grand Prix: Titled Tuesday Blitz"]
[Site "Chess.com"]
[Date "2020.07.07"]
[Round "7"]
[White "csati17"]
[Black "JesseKraai"]
[Result "1-0"]
[WhiteElo "2651"]
[BlackElo "2488"]
[TimeControl "180+1"]
[EndTime "11:20:23 PDT"]
[Termination "csati17 won by resignation"]

1. c4 b6 2. Nc3 Bb7 3. e4 e6 4.
g3 c5 5. Bg2 d6 6. Nge2 Nf6 7.
O-O Nbd7 8. d3 Qc7 9. f4 Be7 10. h3 h5 11. f5 Ne5 12. fxe6 fxe6 13. Nf4 Qd7 14. Nb5 a6 15. Nxe6 axb5 16. Nxg7+ Kd8 17. cxb5 Qxb5 18. Bg5 Ng8 19. Bxe7+ Nxe7 20. Rf6 Kd7 21. h4 Qxd3 22. Qe1 Qd4+ 23. Kh1 Ng4 24. Rf7 Raf8 25.
Rxe7+ Kxe7 26. Nf5+ Rxf5 27. exf5+ Kd7 28. Qe6+ Kd8 29. Bxb7 Re8 30. Qd5 Qxd5+ 31. Bxd5 Re5 32. Be6 d5 33. a4 d4 34. a5 bxa5 35. Rxa5 d3 36.
Ra8+ Ke7 37. Ra7+ Ke8 38. Rd7 Re2 39. Rd5 d2 40. Bd7+ Ke7 41. Ba4 Ne3 42. Rd7+ Kf6 43.
Kg1 Kxf5 44. Rd8 Kg4 45. Rg8+ Kf5 46. Bd7+ Ke5 47. Ba4 d1=Q+ 48. Bxd1 Nxd1 49. Re8+ Kd4 50. Rxe2 Ne3 51. Kf2 Nc4 52. Kf3 Ne5+ 53. Kf4 Nd3+ 54. Kg5 Nc1 55. Rc2 Nd3 56. Kxh5 c4 57. Rd2 Ke3 58. Rc2 Kd4 59. Kg4 Ne1 60. Re2 Kd3 61. Rxe1 1-0

[Event "*** SCC Grand Prix: Titled Tuesday Blitz"]
[Site "Chess.com"]
[Date "2020.07.07"]
[Round "7"]
[White "ajdemipopushi"]
[Black "vangulio"]
[Result "1/2-1/2"]
[WhiteElo "2361"]
[BlackElo "2466"]
[TimeControl "180+1"]
[EndTime "11:20:23 PDT"]
[Termination "Game drawn by agreement"]

1. Nf3 Nf6 2. g3 b5 3. Bg2 Bb7 4. Na3 a6 5. c4 b4 6. Nc2 c5 7. a3 a5 8. axb4 axb4 9. Rxa8 Bxa8 10. d4 e6 11. O-O cxd4 12. Ncxd4 Be7 13. Qa4 Nc6 14. Nb5 O-O 15. Bf4 d5 16. b3 dxc4 17.
bxc4 Qa5 18. Ra1 Qxa4 19. Rxa4 Nd7 20. Nd2 Bb7 21. Nd6 Bxd6 22. Bxd6 Rd8 23. Bxc6 Bxc6 24. Rxb4 Nf6 25. c5 Nd5 26. Rb8 Rxb8 27. Bxb8 Nc3 28. e3 Kf8 29. Bd6+ Ke8 30. f3 f6 31. Kf2 Bb5 32. e4 Kd7 33. Ke3 e5 34. Nb3 Nd1+ 35.
Kd2 Nb2 36. Na5 Nc4+ 37. Nxc4 Bxc4 38. Ke3 Bb5 39. f4 exf4+ 40. Kxf4 Bc6 41. h4 g6 42. h5 Ke6 43. h6 g5+ 44. Ke3 Bd7 45.
Kd4 Bc6 46. Bc7 f5 47. e5 f4 48. gxf4 gxf4 49. Ba5 f3 50. Be1 Kf5 51. Bf2 Ke6 52. Bg3 Kf5 53. Be1 Ke6 54. Bf2 Kf5 55. Bg3 Ke6 56.
Ke3 Kf5 57. Bh2 Ke6 58. Kf4 Bd5 59. Bg3 Bc6 60. Bf2 Bd5 61. Bd4 Bc6 62. Kg5 Bd5 63.
Kf4 Bc6 64. Ke3 Bd5 65. Kf2 Bc6 66. Ke3 1/2-1/2

[Event "*** SCC Grand Prix: Titled Tuesday Blitz"]
[Site "Chess.com"]
[Date "2020.07.07"]
[Round "7"]
[White "OparinGrigoriy"]
[Black "TamirNabaty"]
[Result "0-1"]
[WhiteElo "2923"]
[BlackElo "2762"]
[TimeControl "180+1"]
[EndTime "11:20:24 PDT"]
[Termination "TamirNabaty won by resignation"]

1. Nf3 d5 2. g3 g6 3. Bg2 Bg7 4. O-O e5 5. d3 Ne7 6. c4 c6 7. e4 dxe4 8. dxe4 Qxd1 9. Rxd1 Na6 10. b3 Bg4 11. Ba3 c5 12. Nc3 Nc6 13. Nb5 Ke7 14. h3 Bxf3 15. Bxf3 Nd4 16. Nxd4 exd4 17. e5 Rab8 18.
Re1 Rhd8 19. Bd5 b6 20. f4 Nc7 21. Be4 f5 22. exf6+ Kxf6 23. Kf2 Kf7 24. Bd3 Re8 25. Rxe8 Rxe8 26. Re1 Rxe1 27. Kxe1 Bf8 28. Ke2 Bd6 29.
Bc1 Ne8 30. Kf3 Nf6 31. g4 Ne8 32. Bd2 h6 33. h4 h5 34. f5 gxf5 35. Bxf5 hxg4+ 36. Kxg4 Nf6+ 37. Kf3 Be5 38. Bg5 Bd6 39. Bf4 Bxf4 40.
Kxf4 Ng8 41. Kg5 Kg7 42. h5 Nh6 43. Bd3 Nf7+ 44. Kf5 Kh6 45. Be2 Ng5 46. Ke5 Nh3 47. b4 Kg5 48. bxc5 bxc5 49. a4 Nf2 50. a5 d3 51. Bf3 a6 52. Kd5 Kf4 53. Bd1 Nxd1 54. h6 Ne3+ 55. Kxc5 d2 56. h7 d1=Q 57. h8=Q Qg1 58.
Qd4+ Kf3 59. Kb6 Nxc4+ 60. Kc5 Qxd4+ 61. Kxd4 Nxa5 62. Kc5 Nb7+ 63. Kb6 a5 64. Kb5 Ke3 65. Ka4 Kd4 0-1

[Event "*** SCC Grand Prix: Titled Tuesday Blitz"]
[Site "Chess.com"]
[Date "2020.07.07"]
[Round "7"]
[White "OK97"]
[Black "ChessWarrior7197"]
[Result "1-0"]
[WhiteElo "2776"]
[BlackElo "2873"]
[TimeControl "180+1"]
[EndTime "11:20:25 PDT"]
[Termination "OK97 won on time"]

1. d4 d5 2. c4 e6 3. Nc3 c5 4. cxd5 exd5 5. Nf3 Nc6 6. dxc5 d4 7. Na4 Bxc5 8.
Nxc5 Qa5+ 9. Bd2 Qxc5 10. b4 Qb6 11. Qa4 a6 12. g3 Nf6 13. Bg2 O-O 14. O-O Ne4 15.
Bf4 Nc3 16. Qc2 Nd5 17. a3 Nxf4 18. gxf4 h6 19. Rfd1 Re8 20. Qc5 Qxc5 21. bxc5 Re4 22. Ne5 Rxf4 23. Nxc6 bxc6 24. Bxc6 Ra7 25. e3 Rg4+ 26.
Kf1 Be6 27. Bf3 Bc4+ 28. Ke1 Rg1+ 29. Kd2 dxe3+ 30. fxe3 Rg5 31. c6 Bd5 32. Bxd5 Rxd5+ 33. Ke2 Rxd1 34. Rxd1 Rc7 35. Rd8+ Kh7 36. Rd6 g5 37.
Kd3 h5 38. Kd4 g4 39. Kc5 h4 40. Kb6 Rc8 41. c7 Kg7 42. Kb7 Re8 43. c8=Q Rxc8 44. Kxc8 f6 45. Kd7 Kg6 46. Ke6 g3 47. hxg3 hxg3 48.
Rd2 Kg5 49. Rg2 Kg4 50. Kxf6 Kf3 51. Rg1 1-0

[Event "*** SCC Grand Prix: Titled Tuesday Blitz"]
[Site "Chess.com"]
[Date "2020.07.07"]
[Round "7"]
[White "VovenRogel"]
[Black "David_Paravyan"]
[Result "1/2-1/2"]
[WhiteElo "2725"]
[BlackElo "2971"]
[TimeControl "180+1"]
[EndTime "11:20:26 PDT"]
[Termination "Game drawn by repetition"]

1. d4 Nf6 2. c4 g6 3. Nc3 d5 4. cxd5 Nxd5 5. e4 Nxc3 6. bxc3 Bg7 7. Bc4 c5 8. Ne2 Nc6 9. Be3 cxd4 10. cxd4 b5 11.
Bxb5 Qa5+ 12. Nc3 Qxc3+ 13. Bd2 Qxd4 14. Bxc6+ Bd7 15. Bxa8 Qxa1 16. Qxa1 Bxa1 17. O-O Bd4 18. Bh6 f6 19. Rb1 Kf7 20. Bd5+ Be6 21. Rd1 Bb6 22. Be3 Bxe3 23. fxe3 Rc8 24. Rd2 Rc3 25. Kf2 Ra3 26. Kf3 g5 27. g4 h6 28. Rc2 Ra5 29.
Rd2 Rc5 30. h3 Ra5 31. Kf2 Ra3 32. Kf3 a5 33. Kf2 a4 34. Kf3 Rc3 35. Rd4 Ra3 36.
Rd2 Rc3 37. Rd4 Bxd5 38. exd5 Ra3 39. Rd2 e6 40. dxe6+ Ke7 41. Ke4 Kxe6 42. Rb2 Rc3 43. Rb6+ Kf7 44. Ra6 Ra3 45. Kf5 Rxe3 46. Ra7+ Re7 47.
Rxe7+ Kxe7 48. Kg6 a3 49. Kxh6 Kf7 50. Kh5 Kg7 51. h4 gxh4 52. Kxh4 Kf7 53. Kg3 Ke6 54.
Kf4 Ke7 55. Kf5 Kf7 56. g5 fxg5 57. Kxg5 Ke6 58. Kf4 Kd5 59. Ke3 Kc4 60. Kd2 Kd4 61. Kc2 Kc4 62. Kd2 Kd4 63. Kc2 Kc4 64. Kd2 1/2-1/2

[Event "*** SCC Grand Prix: Titled Tuesday Blitz"]
[Site "Chess.com"]
[Date "2020.07.07"]
[Round "7"]
[White "larisakalinina"]
[Black "chesslh19"]
[Result "0-1"]
[WhiteElo "1928"]
[BlackElo "2133"]
[TimeControl "180+1"]
[EndTime "11:20:26 PDT"]
[Termination "chesslh19 won by resignation"]

1. e4 c5 2. Nf3 d6 3. d4 cxd4 4.
Nxd4 Nf6 5. Nc3 e6 6. f4 Nc6 7.
Nf3 Be7 8. Bd3 O-O 9. O-O a6 10. a4 b6 11. Qe1 Nb4 12. e5 Nxd3 13.
cxd3 dxe5 14. fxe5 Nd5 15. Ne4 Bb7 16. d4 Nb4 17. Qe2 a5 18. Nc3 Bxf3 19. Rxf3 Qxd4+ 20. Kh1 Rad8 21. Bf4 Nd3 22. Bg3 Nc5 23. Nb5 Qg4 24. Qc2 Ne4 25. Bf4 Nc5 26. Raf1 Qf5 27. Qc4 Qe4 28.
Qxe4 Nxe4 29. Re3 Nc5 30. Nc3 Nd3 31. Bg3 Nxb2 32. Rb1 Nc4 33. Ree1 Bb4 34. Rec1 Nd2 35. Rb2 Ba3 36. Rxd2 Rxd2 37. Rf1 Rc2 38. Nb5 Rc1 39. Rxc1 Bxc1 40. Nd6 Rd8 41. Bf2 Rd7 42. Bxb6 f6 43. g4 fxe5 44. Nc4 Rd1+ 45. Kg2 Bd2 46. Nxe5 Bb4 47.
Nc6 Ra1 48. Nxb4 axb4 49. a5 b3 50. Bd4 Rxa5 51. Kf3 Ra2 52. Ke4 b2 53. Bxb2 Rxb2 54. h4 Rb4+ 55. Kf3 g5 56. hxg5 Kg7 57. Kg3 Kg6 58.
Kf3 Kxg5 59. Kg3 Rxg4+ 60. Kf3 Rf4+ 61. Ke3 e5 62. Ke2 h5 63. Ke3 Kg4 64. Ke2 h4 65. Ke3 h3 66. Ke2 h2 0-1

[Event "*** SCC Grand Prix: Titled Tuesday Blitz"]
[Site "Chess.com"]
[Date "2020.07.07"]
[Round "7"]
[White "vovachesss"]
[Black "GukeshDommaraju"]
[Result "1-0"]
[WhiteElo "2584"]
[BlackElo "2701"]
[TimeControl "180+1"]
[EndTime "11:20:28 PDT"]
[Termination "vovachesss won on time"]

1. Nf3 Nf6 2. b3 d6 3. Bb2 e5 4.
c4 g6 5. d4 e4 6. Nfd2 Bg7 7.
e3 O-O 8. Nc3 Re8 9. Be2 h5 10.
O-O Bf5 11. f3 exf3 12. Bxf3 Nc6 13.
Bxc6 bxc6 14. e4 Nxe4 15. Ndxe4 Bxe4 16. Nxe4 Rxe4 17. Rxf7 Qg5 18. Qf3 Re3 19. Qf2 Rae8 20. Rf1 Bh6 21. d5 R3e7 22. Rxe7 Qxe7 23. Kh1 Rf8 24.
Qg1 cxd5 25. cxd5 Qe2 26. Rxf8+ Bxf8 27. Ba1 Qxa2 28. h3 Qd2 29. Qf1 Bg7 30. Bxg7 Kxg7 31. Qc4 Qe1+ 32. Kh2 Qe5+ 33. Kh1 Kh6 34. Qxc7 Qxd5 35.
Qxa7 Qxb3 36. Qd4 Qe6 37. Qh8+ Kg5 38. Qd8+ Kf4 39. Qh4+ Ke5 40. Qe1+ Kf6 41. Qf2+ Qf5 42. Qd4+ Qe5 43. Qf2+ Ke6 44. Qf8 Qe1+ 45. Kh2 Qe5+ 46. Kh1 Qf5 47. Qe8+ Kd5 48. Qb5+ Ke4 49. Qe2+ Kf4 50.
Qd2+ Kg3 51. Qe3+ Kh4 52. Kh2 Qe5+ 53. g3+ 1-0

[Event "*** SCC Grand Prix: Titled Tuesday Blitz"]
[Site "Chess.com"]
[Date "2020.07.07"]
[Round "7"]
[White "bazar-wokzal"]
[Black "HarryCun"]
[Result "1-0"]
[WhiteElo "2383"]
[BlackElo "2175"]
[TimeControl "180+1"]
[EndTime "11:20:28 PDT"]
[Termination "bazar-wokzal won on time"]

1. e4 c6 2. d4 d5 3. e5 Bf5 4. Nc3 e6 5. g4 Bg6 6. Nge2 h6 7. Be3 Ne7 8. Bg2 Nd7 9. f4 c5 10. O-O Nc6 11. f5 exf5 12. gxf5 Bh5 13. Nxd5 cxd4 14. e6 dxe3 15. exd7+ Qxd7 16. Ndf4 Qxd1 17. Raxd1 Bg4 18. Rd5 Ne7 19. Rb5 Nxf5 20. Bxb7 Rd8 21. Bc6+ Ke7 22. h3 Bxe2 23. Nxe2 Nd4 24. Rb7+ Ke6 25. Nf4+ Kd6 26. Ba4 e2 27. Nxe2 Nxe2+ 28. Kg2 Nd4 29. Rfxf7 Ne6 30.
Rxa7 g5 31. Bb3 Nf4+ 32. Kf3 Kc5 33. Rf5+ Kb6 34. Raf7 Bc5 35. R5f6+ Rd6 36. Rf5 Nxh3 37. Bd5 Nf4 38. Be4 Rd2 39. a3 Rf2+ 40. Kg3 Bd6 41. Kg4 Rh2 42. R5f6 Rh4+ 43. Kf5 Kc5 44. b4+ Kd4 45.
Rxd6+ Ke3 46. Re7 Rf8+ 47. Ke5 Ng6+ 48. Bxg6 Rhf4 49. Kd5+ Kf3 50. Be4+ Kg4 51. b5 Rc8 52. b6 Rc3 53. b7 h5 54. b8=Q Re3 55. Rde6 Kg3 56.
Bd3 Rf3 57. Re5 Rf2 58. Rxg5+ Kh2 59. Rxh5+ Kg1 60. Rg7+ 1-0